 Dungeon Crawl Stone Soup version 0.31-a0-150-g89dc3ad700 (webtiles) character file.

Game seed: 10476461257322199693

88 Ge0ff the Cudgeller (level 5, -4/46 HPs)
             Began as a Meteoran Delver on June 8, 2023.
             Slain by a scorpion (5 damage)
             ... on level 5 of the Dungeon.
             The game lasted 00:00:51 (41 turns).

Ge0ff the Cudgeller (Meteoran Delver)                 Turns: 41, Time: 00:00:51

Health: -4/46      AC:  3    Str: 16    XL:     5   Next: 10%
Magic:  6/6        EV: 12    Int: 11    God:
Gold:   0          SH:  0    Dex: 15    Spells: 4/4 levels left

rFire   . . .        a - +0 mace
rCold   . . .        (no shield)
rNeg    . . .        b - +0 leather armour
rPois   .            (no helmet)
rElec   .            (no cloak)
rCorr   .            (no gloves)
SInv    .            (no boots)
Will    .....        (no amulet)
Stlth   +            (no ring)
HPRegen 0.27/turn    (no ring)
MPRegen 0.10/turn

%: no passive effects
@: lethally poisoned (-4 -> -13), glowing
A: sense surroundings 1, otherworldly, glowing, explore regen
a: no special abilities


You were on level 5 of the Dungeon.
You visited 1 branch of the dungeon, and saw 1 of its levels.

Inventory:

Hand Weapons
 a - a +0 mace (weapon)
Armour
 b - a +0 leather armour (worn)
Jewellery
 I - a ring of protection from fire
Wands
 d - a wand of digging (3)
 p - a wand of paralysis (2)
Scrolls
 E - a scroll of fear
 F - a scroll of fog
Potions
 H - a potion of haste {!q}


   Skills:
 + Level 3.7 Fighting
 + Level 5.4 Maces & Flails
 + Level 1.5 Armour
 - Level 2.4 Dodging
 - Level 3.7 Stealth


You had 4 spell levels left.
You didn't know any spells.
Your spell library was empty.

Dungeon Overview and Level Annotations

Branches:
Dungeon (5/15) Zot: 555
 Temple: D:4-7

Altars:


Innate Abilities, Weirdness & Mutations

You passively map a small area around you.
You are easily found by Zot.
You glow in the dark.
You regain HP and MP as you explore.


Message History

You hit the ogre.
The ogre is almost dead.
The quokka bites you but does no damage.
The helpless ogre fails to defend itself.
You sock the ogre!
You kill the ogre!
The quokka closely misses you. The quokka barely misses you.
Training target 5.0 for Maces & Flails reached!
Your Maces & Flails skill gained 3 levels and is now at level 5!
You need to enable at least one skill for training.
Your Armour skill increases to level 1!
You have reached level 2!
You have reached level 3!
Your experience leads to an increase in your attributes!
Increase (S)trength, (I)ntelligence, or (D)exterity?
You feel stronger. x3
You have reached level 4!
You have reached level 5!
The helpless scorpion fails to defend itself.
You hit the scorpion.
The scorpion is lightly wounded.
The quokka bites you.
The helpless scorpion fails to defend itself.
You hit the scorpion but do no damage.
The scorpion is lightly wounded.
The scorpion is no longer paralysed.
The quokka bites you. The scorpion closely misses you. The quokka bites you.
* * * LOW HITPOINT WARNING * * *
The scorpion closely misses you.
The helpless adder fails to defend itself.
You hit the adder.
The adder is moderately wounded.
The quokka barely misses you. The scorpion closely misses you.
The helpless adder fails to defend itself.
You hit the adder.
The adder is severely wounded.
The scorpion stings you.
* * * LOW HITPOINT WARNING * * *
You are lethally poisoned!
The scorpion poisons you! The quokka bites you.
* * * LOW HITPOINT WARNING * * *
The helpless adder fails to defend itself.
You hit the adder.
You kill the adder!
* * * LOW HITPOINT WARNING * * *
You feel very sick. The scorpion closely misses you. The quokka bites you.
* * * LOW HITPOINT WARNING * * *
The scorpion stings you.
You die...

,,,,,,,,,*,##.....* #.........#*,
,,,,,,,,,..#...###* #.........#*,
,,,,**,,,......######..)......##,
,,,,,,,,*................!......,
*,,,,,,,,..........$............,
*,,,,,,*,(......................,
,,,,,,,*,..............###.#.#..,
*,,,,,>*,,#....r.....#.........,,
**<,,,,*,*#..$.)@s..[##......###*
**,,,,,,,......†..........####***
,,,,,,,,,##.##########.#....,,,,,
**,,,,,,,,,,* **,,.......,,,,
**,,,,,,,**** ****,,**.#....,,,,
,,,,,,,,** ***,,,,***,#....,,,,
****,**,* *,,,**,,,,,,,,,,,,,,
****,*,,* **,,,,,,**,,*,,,,,,,,
*,,,,,,,*****,,,*,,,,,,,*,,,,,,,,


You could see a scorpion and a quokka.

Vanquished Creatures
  An ogre (D:5)
  An adder (D:5)
2 creatures vanquished.

Notes
Turn   | Place    | Note
-------+----------+-------------------------------------------
     0 | D:5      | Ge0ff the Meteoran Delver began the quest for the Orb.
     0 | D:5      | Reached XP level 1. HP: 19/19 MP: 2/2
    10 | D:5      | Noticed an ogre
    12 | D:5      | Noticed a howler monkey
    17 | D:5      | Noticed a scorpion
    23 | D:5      | Noticed an ogre
    36 | D:5      | Killed an ogre
    37 | D:5      | Reached skill level 5 in Maces & Flails
    37 | D:5      | Reached skill level 1 in Armour
    37 | D:5      | Reached XP level 2. HP: 11/27 MP: 3/3
    37 | D:5      | Reached XP level 3. HP: 13/33 MP: 4/4
    37 | D:5      | Reached XP level 4. HP: 16/40 MP: 5/5
    37 | D:5      | Reached XP level 5. HP: 19/46 MP: 6/6
    41 | D:5      | HP: 1/46 [quokka (4)]
    41 | D:5      | Slain by a scorpion

Illustrated notes

Levels and vault maps discovered:
D:5:      layout_rooms, nicolae_sif_muna_little_library, enter_ossuary_5

Skill      XL: |  1 |
---------------+----+-----
Maces & Flails | 5 |  5.4
Armour         | 1 |  1.5
Fighting       | |  3.7
Dodging        | |  2.4
Stealth        | |  3.7

Action                     |  1- 3 |  4- 6 || total
---------------------------+-------+-------++-------
  Melee: Mace              |     6 |     5 ||    11
         Punch             |     1 |       ||     1
  Evoke: Wand              |     3 |       ||     3
    Use: Scroll            |     1 |       ||     1
   Stab: Paralysed         |     6 |     5 ||    11
 Armour: Leather armour    |     4 |       ||     4
  Dodge: Dodged            |     9 |     5 ||    14

Table legend: (Time is in decaauts)
 A = Elapsed time spent in this place.
 B = Non-inter-level travel time spent in this place.
 C = Inter-level travel time spent in this place.
 D = Time resting spent in this place.
 E = Time spent auto-exploring this place.
 F = Levels seen in this place.
 G = Mean time per level.
                   A        B        C        D        E       F      G
               +--------+--------+--------+--------+--------+-----+--------+
         Total |     43 |     43 |      0 |      0 |      0 |   1 |   43.0 |
       Dungeon |     43 |     43 |      0 |      0 |      0 |   1 |   43.0 |
               +--------+--------+--------+--------+--------+-----+--------+

Top non-repeatable levels by time:
     D:5: 43 daAuts
